 Dungeon Crawl Stone Soup version 0.26.0-20-g3ca415f5b8 (webtiles) character file.

Game seed: 17155628825146013944

77 Pixllover the Ducker (level 4, -1/32 HPs)
             Began as a Merfolk Transmuter on Jan 24, 2021.
             Slain by Terence
             ... wielding a +0 mace
              (4 damage)
             ... on level 2 of the Dungeon.
             The game lasted 00:04:04 (1786 turns).

Pixllover the Ducker (Merfolk Transmuter)           Turns: 1786, Time: 00:04:05

Health: -1/32      AC:  3    Str: 11    XL:     4   Next: 33%
Magic:  6/7        EV: 15    Int: 12    God:
Gold:   92         SH:  0    Dex: 20    Spells: 6/7 levels left

rFire    . . .     SeeInvis .   c - +0 short sword
rCold    . . .     Faith    .   (no shield)
rNeg     . . .     Spirit   .   a - +0 robe
rPois    .         Reflect  .   (no helmet)
rElec    .         Harm     .   j - +0 cloak
rCorr    .         Rampage  .   (no gloves)
Will     .....                  (no boots)
Stlth    ++........             (no amulet)
HPRegen  0.10/turn              e - +6 ring of dexterity
MPRegen  0.10/turn              (no ring)

@: very slightly contaminated
A: change form in water, swift swim, stealthy swim
a: no special abilities


You were on level 2 of the Dungeon.
You visited 1 branch of the dungeon, and saw 2 of its levels.

You collected 92 gold pieces.

Inventory:

Hand Weapons
 c - a +0 short sword (weapon)
Missiles
 h - 5 boomerangs (quivered)
Armour
 a - a +0 robe (worn)
 j - a +0 cloak (worn)
Jewellery
 e - a +6 ring of dexterity (left hand)
Wands
 m - a wand of iceblast (9)
Scrolls
 b - 5 scrolls of teleportation {unknown}
 d - 2 scrolls of magic mapping {unknown}
 g - a scroll of fog {unknown}
 i - 2 scrolls of remove curse {unknown}
 l - 2 scrolls of identify {unknown}
Potions
 f - a potion of curing {unknown}
 k - 2 potions of flight {unknown}


   Skills:
 + Level 1.3 Fighting
 + Level 2.3 Short Blades
 + Level 4.1 Dodging
 + Level 0.3 Stealth
 + Level 3.8 Unarmed Combat
 + Level 2.1 Spellcasting
 + Level 2.7 Transmutations


You had 6 spell levels left.
You knew the following spells:

 Your Spells              Type           Power        Failure   Level
a - Beastly Appendage     Tmut           14%          9%          1

Your spell library contained the following spells:

 Spells                   Type           Power        Failure   Level
 Wereblood                Tmut           7%           13%         2
 Spider Form              Tmut/Pois      2%           41%         3
 Ice Form                 Ice/Tmut       4%           83%         4
 Blade Hands              Tmut           3%           94%         5


Dungeon Overview and Level Annotations

Branches:
Dungeon (2/15)

Altars:

Annotations:
D:2 Terence


Message History

* * * LOW HITPOINT WARNING * * *
Things that are here:
a +0 club; a hobgoblin corpse
Casting: Beastly Appendage (safe; 9% risk of failure)
Confirm with . or Enter, or press ? or * to list all spells.
You miscast Beastly Appendage.
You are very lightly contaminated with residual magic.
Nothing appears to happen.
Terence hits you but does no damage.
You completely miss Terence. You hit Terence.
Terence is lightly wounded.
Terence barely misses you.
You hit Terence but do no damage.
Terence is lightly wounded.
Terence hits you with a +0 mace.
* * * LOW HITPOINT WARNING * * *
You hit Terence but do no damage.
Terence is lightly wounded.
Terence hits you with a +0 mace.
You die...

.#########.# .#
...#......)# ## ...8
...........#### #>##
..............#########.
..............#.........
........................
............####........
..>.........# ##.#......
........<...###.@#[....#
...........##....@......
....#.....###....##.....
###.#########.##........
#..# #...###..#####
####.# ##.#.# ....
.....#####..#.# ...##
.....#.....##.# ..##
.......######.## ...


You could see Terence.

Vanquished Creatures
  A gnoll (D:1)
  2 adders (D:2)
  A dart slug (D:1)
  4 leopard geckos (D:1)
  3 giant cockroaches
  6 goblins
  6 hobgoblins
  6 kobolds
  A quokka (D:2)
  A ball python (D:1)
  4 bats
  2 frilled lizards (D:1)
  5 rats
42 creatures vanquished.

Notes
Turn   | Place    | Note
-------+----------+-------------------------------------------
     0 | D:1      | Pixllover the Merfolk Transmuter began the quest for the
                  | Orb.
     0 | D:1      | Reached XP level 1. HP: 15/15 MP: 3/3
    54 | D:1      | Reached skill level 3 in Dodging
   152 | D:1      | Reached XP level 2. HP: 21/21 MP: 5/5
   391 | D:1      | Reached XP level 3. HP: 21/26 MP: 6/6
  1064 | D:1      | Reached skill level 4 in Dodging
  1096 | D:1      | Reached skill level 1 in Short Blades
  1279 | D:2      | HP: 1/26 [hobgoblin (3)]
  1606 | D:2      | Reached XP level 4. HP: 31/32 MP: 7/7
  1775 | D:2      | Noticed Terence
  1786 | D:2      | Slain by Terence

Illustrated notes

Levels and vault maps discovered:
D:1:      minmay_arrival_stair_chambers, layout_loops_ring
D:2:      layout_rooms, ashenzari_conservatory_becter,
          nicolae_overflow_hidden_temple, uniq_terence

Skill      XL: |  1  2  3  4 |
---------------+-------------+-----
Dodging        | 3 4 |  4.1
Short Blades   | 1 2 |  2.3
Fighting       | |  1.3
Stealth        | |  0.3
Unarmed Combat | |  3.8
Spellcasting   | |  2.1
Transmutations | |  2.7

Action                   |  1- 3 |  4- 6 || total
-------------------------+-------+-------++-------
Melee: Short sword       |   114 |    44 ||   158
       Unarmed           |     3 |       ||     3
       Headbutt          |     3 |       ||     3
       Punch             |     3 |       ||     3
Throw: Boomerang         |     1 |       ||     1
 Cast: Beastly Appendage |     2 |       ||     2
 Stab: Sleeping          |     1 |       ||     1
Armor: Robe              |    31 |     5 ||    36
Dodge: Dodged            |   114 |    34 ||   148
